 Dungeon Crawl Stone Soup version 0.32-a0-660-g97ce250973 (webtiles) character file.

Game seed: 10253213266822741845

39 BearFiend the Trooper (level 3, -2/31 HPs)
             Began as a Draconian Shapeshifter on Mar 9, 2024.
             Slain by Terence
             ... wielding a +0 flail
              (8 damage)
             ... on level 2 of the Dungeon.
             The game lasted 00:04:41 (1024 turns).

BearFiend the Trooper (Draconian Shapeshifter)      Turns: 1024, Time: 00:04:41

Health: -2/31      AC:  5    Str: 16    XL:     3   Next: 26%
Magic:  3/3        EV: 12    Int: 12    God:
Gold:   60         SH:  0    Dex: 10    Spells: 2/2 levels left

rFire   . .          .
                       - Unarmed
rCold   . . .        (no shield)
rNeg    . . .        (body armour unavailable)
rPois   .            (helmet currently unavailable)
rElec   .            (cloak currently unavailable)
rCorr   .            (gloves currently unavailable)
SInv    .            (boots currently unavailable)
Will    .....        (no amulet)
Stlth   +            (no ring)
HPRegen 0.25/turn    (no ring)
MPRegen 0.08/turn

%: no passive effects
@: beast-form
A: beast (slay +1), AC +5, unfitting armour, cold-blooded
a: Begin Untransformation


You were on level 2 of the Dungeon.
You were a hulking beast.
You visited 1 branch of the dungeon, and saw 3 of its levels.

You collected 60 gold pieces.

Inventory:

Armour
 d - a +0 pair of gloves
Talismans
 b - a beast talisman (active)
 c - a flux talisman
Scrolls
 f - a scroll of enchant armour
 g - a scroll of immolation {unknown}
 h - a scroll of enchant weapon
 i - a scroll of identify {@r1}
Potions
 a - 2 potions of lignification
 e - a potion of curing {unknown}


   Skills:
 + Level 3.6 Fighting
 - Level 1.7 Dodging
 - Level 3.0 Unarmed Combat
 - Level 3.0 Shapeshifting


You had 2 spell levels left.
You didn't know any spells.
Your spell library contained the following spells:

 Spells                   Type           Power      Damage    Failure   Level
 Call Canine Familiar     Summ           0%         N/A       69%         3
 Sigil of Binding         Hex            0%         N/A       69%         3
 Dimensional Bullseye     Hex/Tloc       0%         N/A       97%         4


Dungeon Overview and Level Annotations

Branches:
Dungeon (3/15) Zot: 16977

Altars:

Shops:
D:1 (   D:2 !   D:3 ?

Annotations:
D:2 Terence


Innate Abilities, Weirdness & Mutations

You are a hulking beast.
Your limbs bulge with bestial killing power. (Slay +1)
Your plain brown scales are hard. (AC +5)
You cannot fit into any form of body armour.
You are cold-blooded and may be slowed by cold attacks.


Message History

You hit Terence.
Terence is moderately wounded.
Terence misses you.
You closely miss Terence.
Terence is moderately wounded.
Terence hits you with a +0 flail.
* * * LOW HITPOINT WARNING * * *
You hit Terence.
Terence is moderately wounded.
Terence hits you but does no damage.
You closely miss Terence.
Terence is moderately wounded.
Terence hits you with a +0 flail.
* * * LOW HITPOINT WARNING * * *
A rat comes into view.
The rat squeaks loudly.
The rat closely misses you.
You hit the rat.
You kill the rat!
A giant cockroach comes into view.
Terence attacks as he pursues you! Terence hits you but does no damage.
Things that are here:
6 stones; a rat corpse The giant cockroach closely misses you.
You closely miss the giant cockroach. You tail-slap the giant cockroach.
The giant cockroach is severely wounded.
The giant cockroach closely misses you. Terence barely misses you.
You closely miss the giant cockroach. You tail-slap the giant cockroach.
You kill the giant cockroach!
Terence shouts, "Now you die!" Terence barely misses you.
As you read the scroll labelled PIOMOQ FINY, it crumbles to dust.
It is a scroll of identify.
h - a scroll of enchant weapon Terence barely misses you.
As you read the scroll of identify {@r1}, it crumbles to dust.
f - a scroll of enchant armour Terence hits you with a +0 flail!
You die...
Terence says, "Time to find some more victims."

.# ....#######
#.#.##....
..#.#....##### # ##
#.#.......... .# ...
#.#.....#..##..#
....###.#............#
#..>..##.#.##h#
#.#..).....##@#
#..........##(######
#.....................
#.##........#.........
...
#.########)........
### #.. .......... ###
###........ #........
######


You could see Terence.

Vanquished Creatures
  An adder (D:2)
  A ball python (D:1)
  An endoplasm (D:1)
  2 giant cockroaches
  6 goblins
  2 hobgoblins
  2 quokkas
  3 bats
  A frilled lizard (D:1)
  5 kobolds
  2 rats
26 creatures vanquished.

Notes
Turn   | Place    | Note
-------+----------+-------------------------------------------
     0 | D:1      | BearFiend the Draconian Shapeshifter began the quest for
                  | the Orb.
     0 | D:1      | Reached XP level 1. HP: 16/16 MP: 1/1
   118 | D:1      | Reached XP level 2. HP: 23/25 MP: 2/2
   189 | D:1      | Found Finoanla's Antique Weapon Shop.
   590 | D:2      | Found Yshaiph's Distillery.
   791 | D:2      | Reached XP level 3. HP: 28/31 MP: 3/3
   931 | D:3      | Found Dyaten's Magic Scroll Emporium.
   986 | D:2      | Noticed Terence
  1024 | D:2      | Slain by Terence

Illustrated notes

Levels and vault maps discovered:
D:1:      co_arrival_square_in_a_square_in_a_square, layout_rooms, serial_shops,
          shop
D:2:      layout_basic, serial_shops, shop, nicolae_nh_oracle_at_delphi,
          uniq_terence
D:3:      layout_rooms, serial_shops, nicolae_shop_rolling_square

Skill      XL: |  1  2 |
---------------+-------+-----
Fighting       | 2 3 |  3.6
Dodging        | |  1.7
Unarmed Combat | |  3.0
Shapeshifting  | |  3.0

Action                     || total
---------------------------++-------
  Melee: Unarmed           ||    76
         Tailslap          ||    18
         Punch             ||     1
    Use: Scroll            ||     2
 Armour: Skin              ||    41
  Dodge: Dodged            ||    45

Table legend: (Time is in decaauts)
 A = Elapsed time spent in this place.
 B = Non-inter-level travel time spent in this place.
 C = Inter-level travel time spent in this place.
 D = Time resting spent in this place.
 E = Time spent auto-exploring this place.
 F = Levels seen in this place.
 G = Mean time per level.
                   A        B        C        D        E       F      G
               +--------+--------+--------+--------+--------+-----+--------+
         Total |   1021 |   1010 |     11 |     78 |    724 |   3 |  340.3 |
       Dungeon |   1021 |   1010 |     11 |     78 |    724 |   3 |  340.3 |
               +--------+--------+--------+--------+--------+-----+--------+

Top non-repeatable levels by time:
     D:1: 554 daAuts
     D:2: 401 daAuts
     D:3: 65 daAuts
